 Dungeon Crawl Stone Soup version 0.18.1-8-gdd0e5ea (webtiles) character file.

25 zeroDi the Sneak (level 3, -8/18 HPs)
             Began as a Vine Stalker Assassin on May 30, 2016.
             Mangled by a gnoll
             ... wielding a +0 flail
              (14 damage)
             ... on level 1 of the Dungeon.
             The game lasted 00:02:36 (1347 turns).

zeroDi the Sneak (Vine Stalker Assassin)            Turns: 1347, Time: 00:02:37

Health: -8/18      AC:  3    Str: 13    XL:     3   Next: 4%
Magic:  0/4        EV: 11    Int: 11    God:
Gold:   91         SH:  0    Dex: 16    Spells: 0 memorised, 2 levels left

rFire  . . .     SeeInvis .     a - +2 dagger
rCold  . . .     Gourm    .     c - +0 robe
rNeg   . . .     Faith    .     (no shield)
rPois  .         Spirit   +     (no helmet)
rElec  .         Dismiss  .     d - +0 cloak
rCorr  .         Reflect  .     (no gloves)
SustAt .         Harm     .     (no boots)
MR     .....                    (no amulet)
Stlth  +++.......               (no ring)
                                (no ring)

@: not resistant to hostile enchantments, fairly stealthy
A: fangs 2, regeneration 1, magic shield, antimagic bite, no device heal 3, rot
immunity
a: no special abilities


You were on level 1 of the Dungeon.
You were not hungry.

You visited 1 branch of the dungeon, and saw 2 of its levels.

You collected 91 gold pieces.


Innate Abilities, Weirdness & Mutations

You have extremely sharp teeth.
Your natural rate of healing is unusually fast.
When hurt, damage is shared between your health and your magic reserves.
Your bite disrupts and absorbs the magic of your enemies.
Potions and wands cannot restore your health.
You are immune to rotting.


   Skills:
 - Level 1.7 Fighting
 + Level 3.1 Short Blades
 - Level 1.7 Throwing
 - Level 0.7 Dodging
 - Level 4.8 Stealth


You had 2 spell levels left.
You didn't know any spells.

Inventory:

Hand Weapons
 a - a +2 dagger (weapon)
 b - a +0 blowgun
Missiles
 e - 24 poisoned needles
 f - 2 curare-tipped needles {=f}
Armour
 c - a +0 robe (worn)
 d - a +0 cloak (worn)
Scrolls
 k - 2 scrolls of identify {unknown}
 m - a scroll of magic mapping {unknown}
 o - a scroll of recharging {unknown}
 p - a scroll of remove curse {unknown}
 q - a scroll of teleportation {unknown}
Potions
 i - a potion of degeneration {unknown}
 j - a potion of agility {unknown}
 n - a potion of might {unknown}
Comestibles
 g - a bread ration
 h - 5 fruits
 l - 4 chunks of flesh

Dungeon Overview and Level Annotations

Branches:
Dungeon (2/15)

Altars:

≈≈≈≈≈≈≈≈≈≈≈≈≈≈≈≈≈≈≈≈≈≈≈...# #....
≈≈≈≈≈≈≈≈≈≈≈≈≈≈≈≈≈≈≈≈≈≈≈...###....
≈≈≈≈≈≈≈≈≈≈≈≈≈≈≈≈≈≈≈≈≈≈≈..........
≈≈≈#'#'#≈≈≈≈≈≈≈#+#+#≈≈≈....###...
≈≈≈'...##'###+##..>+≈≈≈...## #...
≈≈≈'...#.......#...+≈≈≈...# #...
≈≈≈#'#'#.#####.###'#≈≈≈...# ##..
.≈≈≈≈#...#...#...'≈≈≈≈≈...# #..
..≈≈≈'.⌠.'.<.###@#≈≈≈≈≈...# #..
..≈≈≈'.⌠.'...###g#≈≈≈≈≈...# #..
.≈≈≈≈#...#...#...'≈≈≈≈≈...# #.#
≈≈≈#'###.#####.###'#≈≈≈...# #.#
≈≈≈'...'.......+...+≈≈≈...# #.#
≈≈≈'...##'###+##...+≈≈≈...## #.#
≈≈≈#'#+#≈≈≈≈≈≈≈#+#+#≈≈≈....####..
≈≈≈≈≈≈≈≈≈≈≈≈≈≈≈≈≈≈≈≈≈≈≈..........
≈≈≈≈≈≈≈≈≈≈≈≈≈≈≈≈≈≈≈≈≈≈≈...#####..


You could see a gnoll.


Message History

The giant newt closely misses you.
You hit the giant newt.
You kill the giant newt!
You hit the gnoll. Your bite misses the gnoll.
The gnoll is lightly wounded.
The gnoll hits you but does no damage.
You hit the gnoll.
The gnoll is lightly wounded.
The gnoll hits you with a flail!
* * * LOW HITPOINT WARNING * * *
You hit the gnoll.
The gnoll is moderately wounded.
You hit the gnoll.
The gnoll is heavily wounded.
The gnoll misses you.
You hit the gnoll. You bite the gnoll, but do no damage.
The gnoll is severely wounded.
The gnoll hits you with a flail!
Ouch! That really hurt!
You die...

Action                   || total
-------------------------++-------
Melee: Dagger            ||    58
       Bite              ||    11
 Stab: Sleeping          ||    10
  Eat: Chunk             ||     1
Armor: Robe              ||    20
Dodge: Dodged            ||    30

Vault maps used:
D:1:      dpeg_arrival_castle
D:2:      makhleb_blood_cavern_becter, first_bread, kennysheep_generic_room_16

Notes
Turn   | Place    | Note
--------------------------------------------------------------
     0 | D:1      | zeroDi the Vine Stalker Assassin began the quest for the Orb.
     0 | D:1      | Reached XP level 1. HP: 11/11 MP: 2/2
   244 | D:1      | Reached skill level 2 in Short Blades
   770 | D:1      | Reached XP level 2. HP: 15/15 MP: 3/3
  1223 | D:2      | Reached skill level 3 in Short Blades
  1275 | D:2      | Reached XP level 3. HP: 18/18 MP: 4/4
  1347 | D:1      | Mangled by a gnoll

Vanquished Creatures
  A ball python (D:1)
  4 bats
  2 giant cockroaches (D:1)
  3 goblins
  3 hobgoblins (D:1)
  2 jackals (D:1)
  A quokka (D:2)
  2 giant newts (D:1)
  A kobold (D:1)
  3 rats
22 creatures vanquished.
